 Dungeon Crawl Stone Soup version 0.25-a0-488-g03579ab4a3 (webtiles) character file.

Game seed: 17455096461055424739, levelgen mode: deterministic

46 Error4North the Shield-Bearer (level 3, -1/33 HPs)
             Began as a Hill Orc Fighter on Feb 10, 2020.
             Slain by an ice beast (2 damage)
             ... on level 2 of the Dungeon.
             The game lasted 00:02:25 (1120 turns).

Error4North the Shield-Bearer (Hill Orc Fighter)    Turns: 1120, Time: 00:02:25

Health: -1/33      AC: 12    Str: 19    XL:     3   Next: 66%
Magic:  3/3        EV:  3    Int:  8    God:
Gold:   110        SH:  9    Dex: 10    Spells: 2/2 levels left

rFire    . . .     SeeInvis .   a - +0 war axe
rCold    . . .     Gourm    .   c - +0 kite shield
rNeg     . . .     Faith    .   g - +0 plate armour
rPois    .         Spirit   .   (no helmet)
rElec    .         Reflect  .   o - +0 cloak
rCorr    .         Harm     .   (no gloves)
MR       .....                  (no boots)
Stlth    ..........             (no amulet)
HPRegen  0.11/turn              (no ring)
MPRegen  0.08/turn              (no ring)

@: no status effects
A: no striking features
a: no special abilities


You were on level 2 of the Dungeon.
You were not hungry.

You visited 1 branch of the dungeon, and saw 2 of its levels.

You collected 110 gold pieces.

Inventory:

Hand Weapons
 a - a +0 war axe (weapon)
 h - a +4 mace
Armour
 c - a +0 kite shield (worn)
 g - a +0 plate armour (worn)
 o - a +0 cloak (worn)
Scrolls
 i - a scroll of blinking {unknown}
 k - a scroll of remove curse {unknown}
 l - a scroll of fear {unknown}
 m - a scroll of noise {unknown}
 n - 2 scrolls of teleportation {unknown}
 q - 2 scrolls of amnesia {unknown}
 r - a scroll of identify {unknown}
Potions
 d - a potion of might
 e - a potion of heal wounds {unknown}
 j - 2 potions of cancellation {unknown}
 p - a potion of curing {unknown}
Comestibles
 b - 8 chunks of flesh
 f - 4 rations


   Skills:
 + Level 3.9 Fighting
 + Level 3.8 Axes
 * Level 3.5 Armour
 * Level 4.0 Shields


You had 2 spell levels left.
You didn't know any spells.
Your spell library was empty.

Dungeon Overview and Level Annotations

Branches:
Dungeon (2/15)

Altars:


Message History

You slash the ice beast!
The ice beast is moderately wounded.
The ice beast hits you. The ice beast freezes you!
* * * LOW HITPOINT WARNING * * *
Your plate armour prevents you from hitting the ice beast.
The ice beast is moderately wounded.
You block the ice beast's attack. x2
Your plate armour prevents you from hitting the ice beast.
The ice beast is moderately wounded.
The ice beast hits you.
* * * LOW HITPOINT WARNING * * *
The ice beast freezes you.
* * * LOW HITPOINT WARNING * * *
You slash the ice beast!
The ice beast is severely wounded.
The ice beast hits you but does no damage.
Your shield and plate armour prevent you from hitting the ice beast.
The ice beast is severely wounded.
You block the ice beast's attack. The ice beast hits you.
You die...

## #. #.
#.###
#...####.##.
#...@Yg.....
#...####.##.
#..##
#..#####.#
#........#
##.#######
########.#
#......#.#
#.####.#.####


You could see an ice beast and a goblin.

Vanquished Creatures
  An adder (D:2)
  A worm (D:2)
  3 dart slugs (D:1)
  A leopard gecko (D:1)
  6 bats
  2 giant cockroaches
  2 goblins (D:1)
  4 hobgoblins
  A kobold (D:1)
  A quokka (D:2)
  2 rats
24 creatures vanquished.

Notes
Turn   | Place    | Note
-------+----------+-------------------------------------------
     0 | D:1      | Error4North the Hill Orc Fighter began the quest for the
                  | Orb.
     0 | D:1      | Reached XP level 1. HP: 19/19 MP: 1/1
   226 | D:1      | Reached XP level 2. HP: 16/27 MP: 2/2
   742 | D:1      | Reached XP level 3. HP: 33/33 MP: 3/3
   995 | D:2      | Reached skill level 4 in Shields
  1109 | D:2      | Noticed an ice beast
  1118 | D:2      | HP: 1/33 [ice beast (5)]
  1120 | D:2      | Slain by an ice beast

Levels and vault maps discovered:
D:1:      dpeg_arrival_pits, layout_loops_ring
D:2:      layout_loops_corners, minmay_indecisive_spiral,
          uniq_crazy_yiuf_cottage, uniq_natasha

Skill      XL: |  1  2  3 |
---------------+----------+-----
Axes           | 3 |  3.8
Shields        | 4 |  4.0
Fighting       | |  3.9
Armour         | |  3.5

Action                   || total
-------------------------++-------
Melee: War axe           ||    91
  Eat: Chunk             ||     1
Armor: Scale mail        ||    18
       Plate armour      ||    41
Dodge: Dodged            ||    22
Block: Kite shield       ||    51

Table legend:
 A = Non-vault XP
 B = Vault XP
 C = Vault XP percentage of total XP
 D = Non-vault monster count
 E = Vault monster count
 F = Vault count percentage of total count
                 A         B        C        D         E       F
            +---------+---------+-------+---------+---------+-------
      Total |      58 |       8 |  12.1 |      20 |       4 |  16.7
            +---------+---------+-------+---------+---------+-------
        D:1 |      38 |       0 |   0.0 |      16 |       0 |   0.0
        D:2 |      20 |       8 |  28.6 |       4 |       4 |  50.0
            +---------+---------+-------+---------+---------+-------
